 Dungeon Crawl Stone Soup version 0.31-a0-23-gcbde74481b (webtiles) character file.

Game seed: 6613889421460081290

68 pk666 the Magician (level 4, -1/24 HPs)
             Began as a Deep Elf Hedge Wizard on May 13, 2023.
             Slain by a river rat (7 damage)
             ... on level 3 of the Dungeon.
             The game lasted 00:04:10 (2007 turns).

pk666 the Magician (Deep Elf Hedge Wizard)          Turns: 2007, Time: 00:04:11

Health: -1/24      AC:  2    Str:  7    XL:     4   Next: 1%
Magic:  0/13       EV: 12    Int: 21    God:
Gold:   120        SH:  0    Dex: 14    Spells: 7/13 levels left

rFire   . . .        a - +0 dagger
rCold   . . .        (no shield)
rNeg    . . .        b - +0 robe
rPois   .            c - +0 hat
rElec   .            (no cloak)
rCorr   .            (no gloves)
SInv    .            (no boots)
Will    .....        (no amulet)
Stlth   +            (no ring)
HPRegen 0.24/turn    (no ring)
MPRegen 0.13/turn

%: no passive effects
@: very slightly contaminated, very slow
A: no striking features
a: no special abilities


You were on level 3 of the Dungeon.
You visited 1 branch of the dungeon, and saw 3 of its levels.

You collected 120 gold pieces.

Inventory:

Hand Weapons
 a - a +0 dagger (weapon)
Armour
 b - a +0 robe (worn)
 c - a +0 hat (worn)
Scrolls
 f - 2 scrolls of fear {unknown}
 i - 3 scrolls of identify {unknown}
 k - a scroll of fog {unknown}
 m - a scroll of noise {unknown}
 o - 3 scrolls of teleportation {unknown}
 p - a scroll of butterflies {unknown}
 q - a scroll of vulnerability {unknown}
Potions
 d - a potion of magic
 e - 2 potions of cancellation {unknown}
 g - 2 potions of curing {unknown}
 h - 2 potions of lignification {unknown}
 j - 2 potions of attraction {unknown}
 l - a potion of might {unknown}
 n - a potion of heal wounds {unknown}


   Skills:
 - Level 2.4 Dodging
 - Level 2.4 Stealth
 + Level 5.0 Spellcasting
 * Level 3.0 Conjurations
 - Level 1.1 Summonings
 - Level 1.8 Translocations
 + Level 0.5 Air Magic
 * Level 1.1 Poison Magic


You had 7 spell levels left.
You knew the following spells:

 Your Spells              Type           Power      Damage    Failure   Level
a - Magic Dart            Conj           68%        1d6       3%          1
b - Blink                 Tloc           26%        N/A       8%          2
c - Mephitic Cloud        Conj/Pois/Air  11%        N/A       17%         3

Your spell library contained the following spells:

 Spells                   Type           Power      Damage    Failure   Level
 Slow                     Hex            20%        N/A       11%         1
 Call Imp                 Summ           18%        N/A       11%         2
 Cigotuvi's Dreadful Rot  Necr/Pois/Air  14%        N/A       13%         2
 Confusing Touch          Hex            5%         N/A       32%         3
 Vampiric Draining        Necr           5%         2d6       32%         3


Dungeon Overview and Level Annotations

Branches:
Dungeon (3/15)

Altars:

Portals:
Sewer: D:3


Message History

Confirm with . or Enter, or press ? or * to list all spells.
Aiming: Magic Dart (safe; 3% risk of failure)
Press: ? - help, Shift-Dir - straight line, f/p - river rat
Aim: a river rat (moderately wounded, 100% to hit)
The magic dart hits the river rat but does no damage.
The river rat is moderately wounded.
The river rat closely misses you.
Casting: Magic Dart (safe; 3% risk of failure)
Confirm with . or Enter, or press ? or * to list all spells.
Aiming: Magic Dart (safe; 3% risk of failure)
Press: ? - help, Shift-Dir - straight line, f/p - river rat
Aim: a river rat (moderately wounded, 100% to hit)
The magic dart hits the river rat but does no damage.
The river rat is moderately wounded.
The river rat bites you but does no damage.
Casting: Magic Dart (safe; 3% risk of failure)
Confirm with . or Enter, or press ? or * to list all spells.
Aiming: Magic Dart (safe; 3% risk of failure)
Press: ? - help, Shift-Dir - straight line, f/p - river rat
Aim: a river rat (moderately wounded, 100% to hit)
You miscast Magic Dart.
You are very lightly contaminated with residual magic.
Nothing appears to happen.
The river rat barely misses you.
Casting: Magic Dart (safe; 3% risk of failure)
Confirm with . or Enter, or press ? or * to list all spells.
Aiming: Magic Dart (safe; 3% risk of failure)
Press: ? - help, Shift-Dir - straight line, f/p - river rat
Aim: a river rat (moderately wounded, 100% to hit)
The magic dart hits the river rat but does no damage.
The river rat is moderately wounded.
The quokka barely misses you. The river rat misses you.
You hit the river rat but do no damage.
The river rat is moderately wounded.
The quokka bites you. The river rat closely misses you.
You closely miss the river rat.
The river rat is moderately wounded.
The quokka bites you. The river rat bites you.
* * * LOW HITPOINT WARNING * * *
The river rat bites you!
You die...

. ........<...# #.#.# #. #.
######.###.# #.#.######.
#.#########.###.### #.#.......#
#.................# #.#..# #.
###..######.#####.###.#..# #.
#.###..##~~####~~##..##.#..# #.
#.)....#~~~~~~~~~~##....#..# #.
#####..##~~####~~##..###...#####.
#..##~##~~##@##.####.........
#..##~#~∩~~rr##....†...######
###..##†#~~~~~~########### ##
#>....#~##~~#### #.
#.##.##~~####~~##### ##
#.##.#~~~~†~~~~~...# #
#....##~~####~~###.#
#..#######.##### #.# #[.# #.# #.#
#.#


You could see a river rat and a quokka.

Vanquished Creatures
  2 adders
  2 worms
  5 ball pythons
  4 endoplasms
  4 giant cockroaches
  2 goblins (D:2)
  2 hobgoblins (D:2)
  3 kobolds
  6 quokkas
  7 bats
  3 rats (D:2)
40 creatures vanquished.

Notes
Turn   | Place    | Note
-------+----------+-------------------------------------------
     0 | D:1      | pk666 the Deep Elf Hedge Wizard began the quest for the
                  | Orb.
     0 | D:1      | Reached XP level 1. HP: 10/10 MP: 7/7
   224 | D:1      | Reached XP level 2. HP: 15/15 MP: 6/9
   967 | D:2      | Found a faded altar of an unknown god.
   998 | D:2      | Reached XP level 3. HP: 19/19 MP: 0/11
  1001 | D:2      | Learned a level 2 spell: Blink
  1005 | D:2      | Learned a level 3 spell: Mephitic Cloud
  1630 | D:3      | Reached skill level 1 in Poison Magic
  1723 | D:3      | Noticed an ogre
  1795 | D:3      | Reached skill level 5 in Spellcasting
  1988 | D:3      | Reached XP level 4. HP: 24/24 MP: 3/13
  1997 | D:3      | Found a glowing drain.
  2007 | D:3      | Slain by a river rat

Illustrated notes

Levels and vault maps discovered:
D:1:      roderic_dead_forest, layout_basic
D:2:      layout_rooms, shapermc_ecumenical_altar_hornbeckon
D:3:      layout_loops_ring, gup_sewer_entry_bubbles

Skill      XL: |  1  2  3 |
---------------+----------+-----
Conjurations   | 2 3 |  3.0
Poison Magic   | 1 |  1.1
Spellcasting   | 5 |  5.0
Dodging        | |  2.4
Stealth        | |  2.4
Summonings     | |  1.1
Translocations | |  1.8
Air Magic      | |  0.5

Action                     |  1- 3 |  4- 6 || total
---------------------------+-------+-------++-------
  Melee: Dagger            |       |     2 ||     2
   Cast: Magic Dart        |   115 |     5 ||   120
 Armour: Robe              |     3 |     1 ||     4
  Dodge: Dodged            |     8 |     8 ||    16

Table legend: (Time is in decaauts)
 A = Elapsed time spent in this place.
 B = Non-inter-level travel time spent in this place.
 C = Inter-level travel time spent in this place.
 D = Time resting spent in this place.
 E = Time spent auto-exploring this place.
 F = Levels seen in this place.
 G = Mean time per level.
                   A        B        C        D        E       F      G
               +--------+--------+--------+--------+--------+-----+--------+
         Total |   2025 |   1903 |    122 |    262 |   1166 |   3 |  675.0 |
       Dungeon |   2025 |   1903 |    122 |    262 |   1166 |   3 |  675.0 |
               +--------+--------+--------+--------+--------+-----+--------+

Top non-repeatable levels by time:
     D:2: 864 daAuts
     D:1: 638 daAuts
     D:3: 522 daAuts
